 Dungeon Crawl Stone Soup version 0.14-a0-1413-g94b8a5e (webtiles) character file.

14199 M4edhros the Unseen (level 12, -9/68 HPs)
             Began as an Octopode Artificer on Dec 10, 2013.
             Was the Champion of Yredelemnul.
             Killed from afar by an orc zombie (21 damage)
             ... with an exploding inner flame
             ... animated by the player character
             ... on Level 4 of the Orcish Mines on Dec 11, 2013.
             The game lasted 00:47:18 (14401 turns).

M4edhros the Unseen (Octopode Artificer)           Turns: 14401, Time: 00:47:26

HP  -9/68        AC  7     Str 10      XL: 12   Next:  4%
MP  23/28        EV 21     Int 18      God: Yredelemnul [******]
Gold 878         SH  8     Dex 17      Spells:  3 memorised,  5 levels left

rFire  + . .     SeeInvis .     l - +3,+4 dagger (elec)
rCold  . . .     Clarity  .     M - +0 buckler
rNeg   . . .     Conserve .     P - +1 wizard hat "Pliuh" {Dex+4}
rPois  +         rCorr    .     a - amulet of faith
rElec  .         rRot     .     p - +5 ring of protection
SustAb + .       Spirit   .     q - +1 ring of intelligence
rMut   .         Warding  .     H - ring of sustain abilities
Saprov . . .     Stasis   .     I - ring of poison resistance
                                g - ring "Piuhu" {rF+ MP+9 Int-2 Dam+4}
                                (no ring)
                                (no ring)
                                (no ring)

@: somewhat resistant to hostile enchantments, extraordinarily stealthy
A: almost no armour, amphibious, 8 rings, constrict 8, repulsion field 1,
camouflage 1, gelatinous body 1
a: Animate Dead, Recall Undead Slaves, Injury Mirror, Drain Life, Enslave Soul,
Renounce Religion


You were on level 4 of the Orcish Mines.
You worshipped Yredelemnul.
Yredelemnul was exalted by your worship.
You were not hungry.

You visited 3 branches of the dungeon, and saw 15 of its levels.
You visited the Abyss 1 time.

You collected 1927 gold pieces.
You spent 1049 gold pieces at shops.

Inventory:

Hand weapons
 e - a +0,+0 dagger of distortion
 l - a +3,+4 dagger of electrocution (weapon)
 n - a +2,+2 orcish mace of protection
 t - a +0 blowgun
 y - a +0,+0 crossbow
 J - a +4 blowgun
Missiles
 u - 11 poisoned needles
 z - 14 bolts
 K - 8 curare-tipped needles
Armour
 M - a +0 buckler (worn)
 P - the +1 wizard hat "Pliuh" (worn) {Dex+4}
   (You found it on level 9 of the Dungeon)

   It affects your dexterity (+4).
Magical devices
 c - a wand of enslavement (2)
 m - a wand of flame (15)
 r - a wand of flame (2)
 F - a wand of polymorph (12)
Comestibles
 f - 2 bread rations
 j - 2 pears
 o - 2 apples
 D - 17 strawberries
Scrolls
 b - a scroll of fear
 k - 4 scrolls of remove curse
 w - a scroll of noise
 x - 5 scrolls of amnesia
 G - 2 scrolls of magic mapping
Jewellery
 a - an amulet of faith (around mantle)
 g - the ring "Piuhu" (on tentacle) {rF+ MP+9 Int-2 Dam+4}
   (You acquired it on level 4 of the Orcish Mines)

   [ring of magical power]

   It affects your intelligence (-2).
   It affects your damage-dealing abilities (+4).
   It protects you from fire.
 h - an uncursed amulet of the gourmand
 p - a +5 ring of protection (left tentacle)
 q - a +1 ring of intelligence (right tentacle)
 H - a ring of sustain abilities (on tentacle)
 I - a ring of poison resistance (on tentacle)
Potions
 i - a potion of heal wounds
 v - a potion of curing
Books
 E - a book of Frost

   Spells                             Type                      Level
   Freeze                             Ice                          1
   Throw Frost                        Conjuration/Ice              2
   Ozocubu's Armour                   Charms/Ice                   3
   Throw Icicle                       Conjuration/Ice              4
   Summon Ice Beast                   Ice/Summoning                4
   Condensation Shield                Ice                          4
 L - a book of Necromancy

   Spells                             Type                      Level
   *Pain                              Necromancy                   1
   Animate Skeleton                   Necromancy                   1
   Lethal Infusion                    Charms/Necromancy            2
   Vampiric Draining                  Necromancy                   3
   *Regeneration                      Charms/Necromancy            3
   Animate Dead                       Necromancy                   4
   Control Undead                     Necromancy                   4
 N - a book of Death

   Spells                             Type                      Level
   *Corpse Rot                        Necromancy                   2
   Sublimation of Blood               Necromancy                   2
   Agony                              Necromancy                   5
   Dispel Undead                      Necromancy                   5
   Excruciating Wounds                Charms/Necromancy            5
   Bolt of Draining                   Conjuration/Necromancy       5


   Skills:
 - Level 1.0 Fighting
 + Level 8.5 Short Blades
 + Level 10.9 Dodging
 * Level 15.9 Stealth
 * Level 4.2 Necromancy
 + Level 4.0 Invocations
 - Level 3.2 Evocations


You had 5 spell levels left.
You knew the following spells:

 Your Spells              Type           Power        Failure   Level  Hunger
a - Corpse Rot            Necr           N/A          10%         2    ###....
b - Regeneration          Chrm/Necr      #.........   34%         3    ####...
c - Pain                  Necr           ###.         6%          1    ##.....


Dungeon Overview and Level Annotations

Branches:
Dungeon (10/16)            Temple (1/1) D:5             Orc (4/4) D:10
    Elf (0/3) Orc:3          Lair (0/8) D:10

Altars:
Ashenzari
Cheibriados
Elyvilon
Fedhas
Kikubaaqudgha
Makhleb
Nemelex Xobeh
Okawaru
Sif Muna
Trog
Vehumet
Xom
Yredelemnul
Zin
the Shining One
Beogh

Shops:
D:5 +   D:7 *!   D:9 ?   Orc:4 ?*


Innate Abilities, Weirdness & Mutations

You cannot wear most types of armour.
You are amphibious.
You can wear up to eight rings at the same time.
You can use your tentacles to constrict many enemies at once.
Your skin changes colour to match your surroundings (Stlth).
Your rubbery body absorbs attacks (AC +1).
You are surrounded by a mild repulsion field (EV +2).


Message History

Your freezing wraith explodes!
The fiery explosion engulfs your wraith.
Your wraith explodes!
The fiery explosion engulfs your orc zombie.
The fiery explosion engulfs your mummy.
Your mummy is burned terribly!
Your mummy explodes!
The fiery explosion engulfs you! You resist.
One of your 6 scrolls of remove curse catches fire!
One of your 3 scrolls of magic mapping catches fire!
The fiery explosion engulfs your orc zombie.
The fiery explosion engulfs your wight.
Your wight is destroyed!
The fiery explosion engulfs you! You resist.
One of your 5 scrolls of remove curse catches fire!
* * * LOW HITPOINT WARNING * * *
The fiery explosion engulfs you! You resist.
Your scroll of recharging catches fire!
You die...
Your body rises from the dead as a mindless zombie.

##...................#.
#############.......#............
.............................Z...
.........Z.......................
####.###.###.#######.............
#.# #.#.§.§∩#.........)...
#.###.###.#.§§z§#.............
#.........#§§§§§#.............
'###.###.###.#§§@§§#.............


o.ooo# #.# #.###§###............. ..8..# #.# #.z)zz§...............
..h..###.###.z##)###............. ............))#.ZzW#.............
.###.#######..#....#............. .# #..#...∩#....))...)... #
#..######............. ..... ........).(....# You could see 4 friendly orc
zombies and a friendly iron troll zombie.

Vanquished Creatures
  A hydra (D:9)
  Urug (D:10)
  An iron troll (Orc:4)
  A skeletal warrior (D:9)
  A water nymph (D:9)
  Pikel (D:9)
  Joseph (D:7)
  6 orc sorcerers (Orc:4)
  A wolf spider (D:9)
  Maurice (D:9)
  Sonja (Orc:4)
  A troll (D:9)
  2 vampire mosquitoes (D:10)
  A hippogriff (D:7)
  6 ogres
  Edmund (D:5)
  Menkaure (D:4)
  2 necrophages
  2 ice beasts
  3 phantoms
  3 sky beasts
  5 orc warriors
  2 slaves (D:9)
  A black bear (D:8)
  7 wargs
  3 centaurs
  Duvessa (D:5)
  A crocodile (D:9)
  2 water moccasins
  3 giant frogs
  Blork the orc (D:6)
  A big kobold (D:5)
  11 killer bees
  Dowan (D:5)
  6 crimson imps
  2 centaur skeletons
  34 orc wizards
  A giant frog skeleton (D:8)
  5 iguanas
  A kobold zombie (Orc:4)
  A hound (D:6)
  A jelly (D:5)
  14 orc priests
  2 worker ants
  A water moccasin zombie (D:7)
  A gnoll shaman (D:10)
  A killer bee zombie (D:9)
  3 scorpions
  A sheep (D:8)
  2 ogre zombies
  Ijyb (D:5)
  An ogre skeleton (D:6)
  A hound skeleton (D:7)
  9 adders
  8 gnolls
  A giant mite (D:3)
  2 worms
  2 giant eyeballs
  7 giant geckos
  An ooze (D:7)
  114 orcs
  15 bats
  2 bat skeletons
  5 giant cockroaches
  A gnoll skeleton (D:4)
  18 goblins
  18 hobgoblins
  4 jackals
  17 kobolds
  2 quokkas (D:2)
  A giant gecko zombie (D:6)
  3 giant newts
  A giant spore (D:7)
  An orc skeleton (D:4)
  3 orc zombies
  17 rats
  A rat zombie (D:5)
409 creatures vanquished.

Vanquished Creatures (collateral kills)
  A centaur warrior (D:9)
  A wraith (Orc:4)
  Eustachio (D:4)
  A freezing wraith (Orc:4)
  A centaur (D:7)
  A wight (Orc:4)
  An orc priest (D:5)
  A jelly (D:10)
  3 orc wizards
  A quasit (D:4)
  A worker ant (D:10)
  An iguana (D:9)
  A mummy (Orc:4)
  3 gnolls (D:10)
  A giant gecko (D:7)
  16 orcs
  A goblin (Orc:2)
  A hobgoblin (Orc:1)
  A jackal (D:7)
  3 orc zombies (Orc:4)
  A rat (D:5)
42 creatures vanquished.

Vanquished Creatures (others)
  2 flying skulls (Orc:4)
  A vampire mosquito zombie (D:10)
  A wight (D:10)
  A warg zombie (Orc:4)
  An orc wizard (Orc:4)
  An iguana zombie (D:10)
  A scorpion zombie (D:9)
  An adder zombie (D:9)
  A bat (D:9)
  3 gnoll zombies (D:10)
  A goblin zombie (Orc:4)
  An orc skeleton (Orc:2)
  25 orc zombies
  A rat zombie (D:9)
  A plant (D:10)
42 creatures vanquished.

Grand Total: 493 creatures vanquished

Notes
Turn   | Place    | Note
--------------------------------------------------------------
     0 | D:1      | M4edhros, the Octopode Artificer, began the quest for the Orb.
     0 | D:1      | Reached XP level 1. HP: 13/13 MP: 1/1
   172 | D:1      | Reached XP level 2. HP: 6/18 MP: 3/3
   830 | D:2      | Reached XP level 3. HP: 10/23 MP: 4/4
  1278 | D:4      | Reached skill level 4 in Dodging
  1327 | D:4      | Noticed Menkaure
  1333 | D:4      | Killed Menkaure
  1333 | D:4      | Reached skill level 5 in Dodging
  1333 | D:4      | Reached XP level 4. HP: 7/28 MP: 6/6
  1333 | D:4      | Reached XP level 5. HP: 8/33 MP: 7/7
  1664 | D:4      | Noticed Eustachio
  1664 | D:4      | Noticed an ogre
  1675 | D:4      | Killed Eustachio
  1675 | D:4      | Reached skill level 6 in Dodging
  1675 | D:4      | Reached XP level 6. HP: 32/38 MP: 9/9
  1684 | D:4      | Killed an ogre
  2023 | D:4      | Reached skill level 7 in Dodging
  2211 | D:5      | Entered Level 5 of the Dungeon
  2214 | D:5      | Noticed Ijyb
  2234 | D:5      | Killed Ijyb
  2501 | D:4      | Reached XP level 7. HP: 33/43 MP: 10/10
  2557 | D:5      | Noticed a necrophage
  2558 | D:5      | Killed a necrophage
  2592 | D:5      | Noticed Edmund
  2606 | D:5      | Killed Edmund
  2738 | D:5      | Found Ahaisuak's Book Emporium.
  2770 | D:5      | Found a shattered altar of Ashenzari.
  2836 | D:5      | Reached skill level 5 in Stealth
  2836 | D:5      | Reached XP level 8. HP: 29/48 MP: 12/12
  2948 | D:5      | Found a burning altar of Makhleb.
  2989 | D:5      | Found a glowing golden altar of the Shining One.
  3023 | D:5      | Noticed Duvessa
  3030 | D:5      | Noticed Dowan
  3030 | D:5      | Killed Duvessa
  3037 | D:5      | Killed Dowan
  3200 | D:5      | Found a staircase to the Ecumenical Temple.
  3213 | Temple   | Entered the Ecumenical Temple
  3277 | Temple   | Became a worshipper of Yredelemnul the Dark
  3373 | D:5      | Reached skill level 8 in Dodging
  4126 | D:3      | Acquired Yredelemnul's first power
  5106 | D:6      | Found a burning altar of Makhleb.
  5193 | D:6      | Reached XP level 9. HP: 20/53 MP: 13/13
  5431 | D:6      | Found an iron altar of Okawaru.
  5473 | D:6      | Noticed Blork the orc
  5479 | D:6      | Killed Blork the orc
  5479 | D:6      | Reached skill level 9 in Stealth
  5746 | D:6      | Found an ancient bone altar of Kikubaaqudgha.
  5747 | D:6      | Found a blossoming altar of Fedhas.
  5876 | D:7      | Found a glowing golden altar of the Shining One.
  5905 | D:7      | Noticed Joseph
  5951 | D:7      | Found Tryxam's Distillery.
  6114 | D:7      | Killed Joseph
  6114 | D:7      | Reached skill level 5 in Short Blades
  6114 | D:7      | Reached skill level 10 in Stealth
  6359 | D:7      | Bought a potion of heal wounds for 42 gold pieces
  6359 | D:7      | Bought a potion of heal wounds for 42 gold pieces
  6436 | D:7      | Found Xionem's General Store.
  6445 | D:7      | Bought a scroll of identify for 26 gold pieces
  6555 | D:7      | Acquired Yredelemnul's second power
  7097 | D:8      | Reached skill level 11 in Stealth
  7326 | D:8      | Upgraded the game from 0.14-a0-1403-g5d3c58f to 0.14-a0-1413-g94b8a5e
  7447 | D:8      | Reached XP level 10. HP: 52/58 MP: 15/15
  7707 | D:8      | Reached skill level 12 in Stealth
  7872 | D:8      | Learned a level 2 spell: Corpse Rot
  7872 | D:8      | TomPliss: you already have Yred :/
  7872 | D:8      | M4edhros: is it bad?
  7876 | D:8      | Learned a level 3 spell: Regeneration
  7876 | D:8      | TomPliss: well, some spells are already avaialble to you, right ?
  7876 | D:8      | TomPliss: as god abilities, I mean
  7876 | D:8      | M4edhros: ah, yep
  7876 | D:8      | M4edhros: but anyways, i need minions, thats all
  7876 | D:8      | TomPliss: so you won't get as much out of your necro skill as someone else would
  7876 | D:8      | TomPliss: meatsheilds for the squishy octopode ? :D
  7876 | D:8      | M4edhros: i might change to kiku later on
  7878 | D:8      | Learned a level 1 spell: Pain
  8270 | D:9      | Noticed Maurice
  8271 | D:9      | Acquired Yredelemnul's third power
  8276 | D:9      | Found a bloodstained altar of Trog.
  8280 | D:9      | Killed Maurice
  8406 | D:9      | Noticed Pikel
  8428 | D:9      | Found Ulokhoc's Magic Scroll Boutique.
  8456 | D:9      | Bought a scroll of identify for 28 gold pieces
  8469 | D:9      | Reached skill level 13 in Stealth
  8547 | D:9      | Killed Pikel
  8577 | D:9      | Noticed a centaur warrior
  8577 | D:9      | Noticed a wolf spider
  8577 | D:9      | Noticed a seven-headed hydra
  8586 | D:9      | Noticed a hill giant
  8596 | D:9      | Noticed a skeletal warrior
  8640 | D:9      | Killed a centaur warrior
  8640 | D:9      | Reached skill level 10 in Dodging
  8640 | D:9      | a seven-headed hydra (ally) was killed
  9128 | D:9      | Killed a skeletal warrior
  9336 | D:9      | Noticed a water nymph
  9336 | D:9      | a hill giant changed into a water nymph
  9347 | D:9      | Killed a water nymph
  9347 | D:9      | Reached skill level 14 in Stealth
  9641 | D:9      | Reached XP level 11. HP: 60/63 MP: 17/17
  9654 | D:9      | Killed a wolf spider
  9654 | D:9      | Acquired Yredelemnul's fourth power
  9708 | D:9      | Got a jewelled wizard hat
  9912 | D:10     | Entered Level 10 of the Dungeon
  9944 | D:9      | Bought a scroll of identify for 28 gold pieces
  9945 | D:9      | Identified the +1 wizard hat "Pliuh" {Dex+4} (You found it on level 9 of the Dungeon)
 10074 | D:10     | Found a staircase to the Orcish Mines.
 10079 | D:10     | Found a roughly hewn altar of Beogh.
 10209 | D:10     | Noticed Psyche
 10243 | D:10     | Received a gift from Yredelemnul
 10276 | D:10     | Reached skill level 1 in Invocations
 10298 | D:10     | Cast into the Abyss (Psyche)
 10351 | D:10     | Escaped the Abyss
 10352 | D:10     | Noticed Psyche
 10352 | D:10     | Psyche changed into Psyche the water moccasin
 10356 | D:10     | Killed Psyche the water moccasin
 10635 | D:10     | Noticed Urug
 10640 | D:10     | Killed Urug
 10640 | D:10     | Reached skill level 15 in Stealth
 10640 | D:10     | Reached skill level 1 in Necromancy
 10739 | D:10     | Found a staircase to the Lair.
 10816 | D:10     | Your ally Urug died
 11034 | Orc:1    | Entered Level 1 of the Orcish Mines
 11256 | Orc:2    | Acquired Yredelemnul's fifth power
 11460 | Orc:2    | Found a burning altar of Makhleb.
 11670 | Orc:1    | Received a gift from Yredelemnul
 12280 | Orc:3    | Received a gift from Yredelemnul
 12297 | Orc:3    | Found a staircase to the Elven Halls.
 12590 | Orc:3    | Received a gift from Yredelemnul
 12680 | Orc:4    | Entered Level 4 of the Orcish Mines
 12915 | Orc:4    | Noticed a soul eater
 13272 | Orc:3    | Received a gift from Yredelemnul
 13579 | Orc:4    | Received a gift from Yredelemnul
 13620 | Orc:4    | Noticed an iron troll
 13645 | Orc:4    | Noticed Sonja
 13715 | Orc:4    | Killed an iron troll
 13926 | Orc:4    | Killed Sonja
 13978 | Orc:4    | HP: 2/63 [orc sorcerer/bolt of fire (34)]
 14272 | Orc:4    | Found Coeqes' Assorted Antiques.
 14272 | Orc:4    | Found Doppef's Magic Scroll Shop.
 14312 | Orc:4    | Reached XP level 12. HP: 49/68 MP: 14/18
 14364 | Orc:4    | Bought a cyan potion for 19 gold pieces
 14365 | Orc:4    | Gained mutation: You are surrounded by a mild repulsion field (EV +2). [potion of beneficial mutation]
 14375 | Orc:4    | Bought a scroll of acquirement for 832 gold pieces
 14377 | Orc:4    | Got a glittering steel ring
 14378 | Orc:4    | Identified the ring "Piuhu" {rF+ MP+9 Int-2 Dam+4} (You acquired it on level 4 of the Orcish Mines)
 14380 | Orc:4    | Bought a scroll of identify for 32 gold pieces
 14401 | Orc:4    | Killed from afar by an orc zombie

Action                   |  1- 3 |  4- 6 |  7- 9 | 10-12 || total
-------------------------+-------+-------+-------+-------++-------
Melee: Short sword       |    63 |    26 |       |       ||    89
       Mace              |       |    24 |       |       ||    24
       Dagger            |       |     2 |   286 |   621 ||   909
 Cast: Pain              |       |       |       |     3 ||     3
       Corpse Rot        |       |       |       |     1 ||     1
       Regeneration      |       |       |       |     2 ||     2
Invok: Animate Dead      |       |       |       |    20 ||    20
       Recall Undead Sla |       |       |       |     2 ||     2
       Drain Life        |       |       |       |     2 ||     2
Evoke: Wand              |     9 |     6 |    14 |    27 ||    56
  Use: Potion            |     4 |       |     7 |     8 ||    19
       Scroll            |     2 |     1 |     4 |    12 ||    19
 Stab: Sleeping          |     3 |       |    33 |    33 ||    69
       Distracted        |       |       |       |     4 ||     4
